Map: [TLMC15] Curious Minds

Players

Serral - Winner!

  • Race: Zerg Zerg

ByuN

  • Race: Terran Terran

Event: StayAtHome Story Cup #4

VOD

Have the link to the VOD?

Description

Time

  • Played on: Oct. 23, 2021, 8:28 a.m.
  • Length: 24:58

All games in this series

Show
View Real Time Build Order
Export as new Build Order

Serral Zerg - Winner!

Build Orders: Hatch First, Lurkers 

Get SALT Encoding   

  12  0:00  Drone  
  13  0:12  Overlord  
  13  0:17  Drone  
  14  0:31  Drone x2  
  16  0:48  Hatchery  
  15  0:51  Drone  
  15  0:54  Drone  
  17  0:58  Drone  
  18  1:08  Extractor  
  17  1:13  Spawning Pool  
  17  1:16  Drone  
  17  1:19  Drone  
  18  1:27  Drone  
  19  1:38  Drone  
  20  1:49  Drone  
  21  1:59  Queen x2  
  25  2:01  Zergling x4  
  27  2:10  Overlord  
  27  2:11  Drone  
  28  2:22  Hatchery  
  27  2:24  Drone  
  28  2:30  Drone  
  28  2:32  Drone x2  
  31  2:38  Metabolic Boost  
  31  2:45  Queen  
  31  2:50  Overlord  
  33  2:53  Drone  
  33  2:56  Drone  
  34  2:59  Drone  
  35  3:09  Drone x5  
  40  3:17  Roach Warren  
  39  3:21  Queen  
  39  3:25  Overlord  
  41  3:27  Drone  
  41  3:28  Drone  
  41  3:30  Drone  
  44  3:37  Overlord  
  44  3:39  Zergling x6  
  47  3:43  Overlord  
  47  3:57  Roach x5  
  47  4:01  Queen  
  59  4:04  Overlord  
  59  4:08  Drone x2  
  59  4:09  Drone  
  62  4:13  Drone x2  
  62  4:16  Drone x2  
  65  4:20  Overlord  
  65  4:21  Drone  
  66  4:24  Drone x2  
  66  4:31  Roach x3  
  73  4:37  Roach, Extractor  
  74  4:40  Roach  
  74  4:44  Overlord  
  78  4:47  Overlord, Extractor  
  78  4:50  Spore Crawler  
  78  4:51  Spore Crawler  
  73  4:53  Spore Crawler  
  73  4:54  Drone x2  
  73  4:55  Drone x2  
  73  4:59  Overlord  
  76  5:06  Overlord  
  76  5:10  Lair  
  76  5:11  Drone x2  
  76  5:13  Drone  
  77  5:15  Drone  
  77  5:19  Drone x3  
  81  5:22  Drone x2  
  81  5:23  Drone  
  84  5:31  Drone x3  
  84  5:33  Spore Crawler  
  84  5:34  Overlord, Extractor  
  85  5:39  Drone x2  
  85  5:40  Drone  
  88  5:47  Roach x3  
  93  5:52  Extractor, Zergling x8  
  93  5:54  Ravager x2  
  93  5:55  Ravager  
  99  5:58  Zergling x8  
  99  6:03  Evolution Chamber  
  99  6:04  Drone x3, Evolution Chamber  
  104  6:05  Drone  
  104  6:07  Drone  
  106  6:11  Overseer  
  106  6:12  Drone x2  
  106  6:16  Extractor, Glial Reconstitution  
  106  6:17  Overlord  
  107  6:20  Drone x3  
  107  6:24  Queen  
  108  6:30  Overlord  
  108  6:31  Drone x3  
  108  6:35  Queen  
  110  6:44  Drone x3  
  110  6:45  Drone x2  
  115  6:48  Roach x2  
  115  6:51  Overlord  
  118  6:54  Zerg Ground Armor Level 1  
  118  6:56  Zerg Missile Weapons Level 1  
  118  6:59  Roach  
  118  7:00  Roach  
  121  7:04  Drone  
  121  7:05  Infestation Pit  
  121  7:11  Overlord  
  121  7:12  Roach x3  
  130  7:22  Roach  
  130  7:23  Roach  
  130  7:28  Overlord x3  
  130  7:29  Hatchery  
  126  7:31  Overlord  
  126  7:35  Roach x2  
  129  7:44  Infestor x3  
  129  7:47  Roach x3  
  141  7:58  Hive  
  141  8:00  Drone x7, Hydralisk Den  
  141  8:02  Drone  
  141  8:03  Drone  
  141  8:04  Ravager x2  
  151  8:07  Roach x2  
  151  8:10  Ravager x2  
  151  8:11  Ravager  
  151  8:12  Overlord  
  158  8:13  Drone x2  
  158  8:16  Zergling x4  
  162  8:20  Zergling x6  
  162  8:23  Zergling x2  
  162  8:25  Extractor  
  162  8:26  Zergling x6  
  168  8:31  Zergling x4  
  168  8:33  Extractor  
  169  8:35  Roach  
  169  8:37  Ravager x3  
  169  8:38  Roach x2  
  169  8:39  Roach x2  
  182  8:41  Spore Crawler  
  182  8:42  Queen  
  182  8:47  Roach x2  
  182  8:48  Roach  
  188  8:53  Lurker Den  
  187  8:56  Zergling x8  
  187  9:00  Zerg Missile Weapons Level 2  
  191  9:04  Zerg Ground Armor Level 2  
  191  9:10  Overlord  
  191  9:13  Drone  
  192  9:18  Overlord  
  192  9:23  Overlord  
  191  9:32  Overlord  
  191  9:36  Hydralisk x4  
  197  9:42  Hatchery  
  186  9:48  Hydralisk x3  
  186  9:49  Hydralisk x2  
  194  10:06  Lurker x2  
  194  10:07  Extractor  
  194  10:11  Extractor  
  194  10:12  Lurker  
  190  10:19  Lurker x3  
  179  10:35  Hatchery  
  178  10:37  Seismic Spines  
  174  10:50  Roach x12  
  174  10:51  Roach  
  174  10:53  Roach x2  
  185  11:05  Roach x5  
  185  11:06  Roach x6  
  196  11:21  Hydralisk  
  196  11:22  Hydralisk x3  
  195  11:34  Adaptive Talons  
  176  11:48  Extractor x2  
  176  11:49  Zerg Ground Armor Level 3, Zerg Melee Weapons Level 1  
  176  11:50  Drone x4  
  176  11:52  Drone x2  
  182  11:54  Lurker x2  
  182  11:57  Lurker x2  
  182  12:01  Hydralisk x2  
  184  12:03  Zergling x8  
  185  12:18  Hydralisk  
  186  12:28  Hatchery  
  185  12:32  Lurker x2  
  187  12:40  Hydralisk  
  187  12:41  Hydralisk x4  
  198  12:44  Lurker  
  156  13:06  Roach x13  
  156  13:12  Lurker x5  
  149  13:27  Zergling x18  
  155  13:39  Viper x2  
  152  13:49  Hydralisk  
  152  13:50  Muscular Augments  
  152  13:54  Drone  
  149  14:11  Drone x5, Extractor  
  149  14:15  Hydralisk x3  
  159  14:19  Hatchery  
  156  14:25  Hydralisk x2  
  156  14:26  Hydralisk  
  162  14:33  Nydus Network, Drone x2  
  163  14:39  Zerg Melee Weapons Level 2  
  163  14:43  Adrenal Glands  
  163  14:47  Overseer, Pneumatized Carapace  
  163  14:50  Lurker x2  
  163  14:53  Drone  
  163  15:05  Viper  
  150  15:14  Zergling x24  
  157  15:18  Overseer  
  157  15:19  Baneling Nest  
  161  15:22  Lurker  
  162  15:29  Drone x4  
  162  15:30  Drone x4  
  152  15:44  Overseer  
  152  15:46  Zergling x16  
  152  15:48  Lurker x3  
  163  15:55  Nydus Canal  
  163  15:58  Hydralisk x3  
  157  16:12  Hydralisk  
  157  16:13  Hydralisk x5  
  169  16:23  Hatchery  
  168  16:26  Lurker  
  168  16:30  Hydralisk x3  
  175  16:46  Lurker x7  
  182  16:48  Overseer  
  182  16:51  Hydralisk x3  
  182  16:52  Hydralisk x2  
  192  17:04  Lurker x3  
  195  17:10  Drone x5  
  195  17:11  Centrifugal Hooks  
  192  17:24  Overseer  
  189  17:31  Zergling x22  
  199  17:39  Overseer  
  187  17:49  Zergling x8  
  187  17:50  Zergling x16  
  199  17:52  Overseer x2  
  159  18:10  Zergling x34  
  155  18:18  Overseer x2  
  139  18:31  Viper  
  139  18:32  Burrow  
  142  18:35  Baneling x6  
  142  18:36  Baneling x2  
  142  18:38  Lurker x2  
  142  18:39  Zergling x2  
  142  18:40  Zergling x18  
  154  18:42  Baneling  
  154  18:43  Baneling x10  
  154  18:46  Drone  
  154  18:47  Zergling x6, Nydus Canal  
  156  18:54  Zergling x10  
  161  18:56  Baneling x8  
  133  19:11  Zergling x10  
  138  19:18  Hatchery  
  130  19:24  Hydralisk x3  
  130  19:25  Hydralisk x5  
  143  19:38  Zergling x2  
  143  19:39  Zergling x20  
  134  20:00  Lurker x6  
  140  20:07  Overseer  
  140  20:12  Zergling x24  
  150  20:25  Zergling x2  
  150  20:26  Zergling x6  
  152  20:29  Extractor  
  152  20:33  Hydralisk  
  152  20:35  Zergling x8  
  154  20:38  Nydus Canal  
  154  20:43  Zergling x2  
  154  20:48  Zergling x8  
  157  20:54  Roach  
  157  20:57  Zergling x6  
  157  20:58  Zergling x16  
  157  21:02  Zergling x8  
  167  21:07  Nydus Canal  
  167  21:09  Hydralisk  
  167  21:17  Extractor x2  
  165  21:23  Viper  
  168  21:31  Hatchery, Overlord x3  
  165  21:39  Overlord  
  165  21:43  Lurker x2  
  164  21:54  Infestor  
  164  21:58  Zergling x28  
  164  21:59  Overseer  
  175  22:14  Zergling x6  
  175  22:15  Zergling x8  
  182  22:19  Baneling x5  
  144  22:37  Zergling x16  
  129  22:53  Hydralisk x8  
  129  22:58  Infestor  
  144  23:01  Zergling x2  
  147  23:06  Zergling x6  
  147  23:17  Zergling x10  
  152  23:21  Lurker  
  152  23:22  Lurker x4  
  152  23:25  Baneling  
  157  23:28  Zergling x10  
  159  23:41  Zergling x10  
  155  23:54  Zergling x6  
  153  23:56  Overseer  
  153  23:57  Overseer x2  
  144  24:07  Hydralisk x3  
  148  24:16  Zergling x6  
  149  24:22  Zergling x6  
  139  24:40  Drone x23  
Show
View Real Time Build Order
Export as new Build Order

ByuN Terran 

Build Orders: Banshee Rush 

Get SALT Encoding   

  12  0:00  SCV  
  13  0:12  SCV  
  14  0:17  Supply Depot  
  14  0:24  SCV  
  15  0:39  SCV  
  15  0:40  Barracks  
  16  0:43  Refinery  
  16  0:51  SCV  
  17  1:03  SCV  
  18  1:15  SCV  
  19  1:27  Barracks Reactor, Orbital Command  
  19  1:38  Command Center  
  19  1:49  Supply Depot  
  19  1:53  SCV  
  20  2:03  Marine x2  
  20  2:06  Factory  
  20  2:07  SCV  
  23  2:19  Refinery  
  23  2:20  SCV  
  23  2:21  Marine x2  
  26  2:32  SCV  
  27  2:39  Marine x2  
  27  2:44  SCV  
  30  2:53  Orbital Command  
  30  2:57  Factory Tech Lab, Starport  
  30  2:58  SCV  
  31  3:00  Marine x2  
  33  3:10  SCV  
  34  3:19  Supply Depot  
  34  3:20  SCV  
  34  3:21  Marine  
  34  3:22  SCV, Marine  
  38  3:32  SCV  
  39  3:34  SCV  
  39  3:39  Banshee, Marine x2  
  39  3:40  Cloaking Field  
  45  3:43  Supply Depot  
  45  3:47  SCV x2  
  47  3:51  Factory Tech Lab  
  47  3:57  Marine x2  
  47  3:59  SCV x2  
  51  4:06  Supply Depot  
  51  4:14  SCV  
  51  4:15  Marine x2  
  54  4:19  SCV  
  54  4:24  Banshee  
  55  4:29  Command Center  
  58  4:33  SCV  
  58  4:34  Marine, Siege Tank  
  63  4:41  SCV  
  64  4:47  SCV  
  65  4:53  SCV  
  65  4:59  SCV  
  67  5:02  Supply Depot  
  67  5:03  Barracks x2  
  67  5:05  SCV  
  68  5:11  SCV  
  69  5:17  SCV, Starport Reactor  
  70  5:21  Refinery x2, Engineering Bay  
  70  5:22  Engineering Bay  
  70  5:24  SCV  
  70  5:25  Marine, Stimpack  
  70  5:26  Factory Reactor  
  72  5:29  Supply Depot  
  72  5:39  SCV  
  72  5:40  SCV  
  72  5:41  Barracks  
  74  5:43  Barracks  
  74  5:45  Orbital Command  
  74  5:52  Terran Infantry Armor Level 1, Terran Infantry Weapons Level 1  
  74  5:54  SCV x2, Marine x3  
  79  6:05  Orbital Command  
  79  6:06  Medivac x2  
  79  6:09  SCV x2  
  85  6:13  Marine x3  
  85  6:14  Supply Depot  
  85  6:15  Siege Tank  
  91  6:21  Marine x2  
  91  6:22  SCV  
  94  6:31  Marine  
  94  6:32  Marine  
  97  6:34  Barracks Reactor x2  
  97  6:35  SCV x3  
  99  6:40  Armory  
  99  6:45  Marine x3  
  102  6:47  SCV, Siege Tank  
  102  6:48  SCV x2  
  102  6:49  Marine  
  102  6:53  Supply Depot  
  102  6:54  Supply Depot, Marine  
  109  6:55  Medivac  
  109  6:59  SCV  
  109  7:00  Supply Depot, SCV  
  109  7:01  SCV  
  115  7:06  Supply Depot  
  115  7:08  Supply Depot, Marine x2  
  116  7:15  SCV x3, Marine x7  
  127  7:17  Supply Depot  
  127  7:27  SCV x3, Siege Tank  
  127  7:29  Refinery x2  
  132  7:39  Supply Depot, SCV  
  132  7:40  Marine x5  
  132  7:41  Supply Depot, Marine x2  
  132  7:43  Marine  
  140  7:47  SCV x2  
  140  7:48  Marine  
  140  7:50  Combat Shield  
  143  7:55  Terran Infantry Weapons Level 2  
  142  8:00  Terran Infantry Armor Level 2  
  142  8:07  Siege Tank  
  145  8:14  Marine  
  145  8:15  Marine x8  
  154  8:20  Factory  
  154  8:21  Medivac x2  
  158  8:28  Supply Depot  
  157  8:34  Marine  
  157  8:35  Missile Turret, Marine x7  
  157  8:36  Marine  
  157  8:39  Terran Vehicle Weapons Level 1  
  166  8:49  Siege Tank  
  169  8:56  Medivac x2  
  169  9:02  Marine x6  
  176  9:03  Marine x3  
  176  9:06  Factory Tech Lab  
  182  9:12  Supply Depot, Command Center  
  182  9:13  Supply Depot  
  182  9:21  Siege Tank  
  185  9:25  Marine x4  
  185  9:29  Marine  
  189  9:33  Marine x3, Medivac x2  
  189  9:35  Marauder  
  198  9:38  Barracks  
  198  9:40  Barracks  
  198  9:44  Barracks  
  192  9:48  Barracks, Sensor Tower  
  192  9:55  Siege Tank  
  195  10:03  Marine x2  
  195  10:04  Marine x3  
  195  10:05  Marauder  
  195  10:06  Siege Tank  
  200  10:19  Marine x3  
  190  10:21  Marine x2  
  190  10:24  Terran Infantry Armor Level 3, Terran Infantry Weapons Level 3  
  190  10:25  Medivac  
  190  10:26  Marauder, Medivac  
  190  10:27  Siege Tank  
  200  10:29  Barracks Tech Lab  
  198  10:48  Marauder  
  197  10:59  Barracks Tech Lab  
  197  11:01  Barracks Tech Lab  
  197  11:02  Planetary Fortress  
  197  11:03  SCV x2  
  191  11:04  Marine  
  191  11:05  Siege Tank  
  191  11:06  Siege Tank  
  191  11:09  Marauder  
  192  11:13  Marine  
  188  11:20  SCV x2  
  188  11:21  Marauder x2  
  188  11:25  Marauder  
  175  11:26  SCV  
  175  11:31  Marauder  
  175  11:32  SCV  
  178  11:35  SCV, Ghost Academy  
  178  11:38  SCV, Siege Tank x2  
  183  11:44  SCV  
  183  11:45  Marauder x2  
  183  11:46  Marine  
  174  11:47  Marine x3  
  174  11:49  Marauder, Marine x2  
  174  11:52  Marauder  
  174  11:54  Missile Turret, SCV  
  179  11:55  SCV  
  179  11:56  SCV, Terran Vehicle Weapons Level 2  
  182  12:03  Concussive Shells  
  182  12:10  Siege Tank x2  
  192  12:15  Marauder x2  
  192  12:16  Marauder x2  
  199  12:42  Siege Tank  
  197  12:44  Ghost  
  197  12:45  Refinery  
  197  12:46  Refinery, Command Center x2  
  199  12:53  SCV x2  
  199  12:54  Ghost x3  
  198  13:00  SCV  
  198  13:02  Marine x2  
  198  13:03  Marine x3  
  198  13:05  SCV x2  
  163  13:14  Marauder  
  152  13:20  Marine x6  
  152  13:21  Siege Tank  
  152  13:22  Siege Tank  
  152  13:23  Marauder x2  
  152  13:24  Marauder  
  156  13:29  Marine x2  
  156  13:31  SCV x2  
  154  13:35  Marauder  
  154  13:37  Marine  
  154  13:38  Marine x2  
  158  13:46  Marine x3  
  163  13:52  Ghost x3  
  167  14:00  Personal Cloaking  
  167  14:03  Marine x3  
  170  14:11  Marine  
  170  14:12  Marine x4  
  175  14:22  Orbital Command  
  174  14:27  Siege Tank x2  
  180  14:37  Marauder x2  
  184  14:39  Marine x4  
  184  14:40  Marine  
  189  14:54  Sensor Tower  
  189  14:55  Missile Turret  
  170  15:07  Siege Tank x2  
  170  15:09  Marauder x2, Marine  
  170  15:11  Marine  
  175  15:19  Marauder x2  
  179  15:39  Siege Tank  
  179  15:40  Ghost x2, Siege Tank  
  184  15:46  Marauder x2  
  184  15:49  Marine x3  
  191  16:09  Ghost x2  
  188  16:11  Siege Tank  
  188  16:15  Ghost  
  188  16:18  Ghost  
  195  16:27  Missile Turret  
  195  16:34  Refinery  
  195  16:35  Command Center  
  195  16:38  Ghost x2  
  199  16:47  Marine  
  199  17:09  Missile Turret  
  199  17:15  Ghost x2  
  190  17:16  Ghost x2  
  193  17:41  Siege Tank  
  193  17:44  Ghost x2  
  193  17:55  Ghost  
  193  18:02  Ghost  
  177  18:05  Siege Tank  
  143  18:15  Marine  
  143  18:16  Marine  
  143  18:19  Ghost  
  127  18:21  Marauder  
  127  18:23  Marine x2  
  127  18:24  Marine x3, Marauder  
  135  18:30  Marine  
  135  18:31  Marine  
  134  18:36  Marine x2  
  134  18:39  Command Center  
  136  18:42  Marauder  
  136  18:46  Marauder  
  140  18:49  Marauder x2  
  144  19:04  Marauder  
  144  19:07  Marauder  
  137  19:10  Marauder x2  
  141  19:20  Marine x2  
  141  19:23  Marine x2  
  142  19:24  Ghost  
  142  19:28  Ghost  
  142  19:30  Ghost  
  142  19:31  Ghost  
  143  19:39  Marine  
  143  19:40  Marine  
  143  19:45  Marine x2  
  144  19:47  Marine  
  146  19:54  Marauder  
  146  19:57  Marauder  
  146  19:59  Ghost x2  
  152  20:00  Marine  
  152  20:01  Marine  
  156  20:14  Ghost  
  156  20:17  Ghost  
  156  20:20  Orbital Command  
  158  20:32  Ghost x2  
  162  20:43  Ghost  
  162  20:48  Ghost  
  165  21:01  Ghost, Marine  
  161  21:07  Siege Tank  
  163  21:14  Orbital Command  
  163  21:17  Orbital Command  
  163  21:20  Refinery  
  163  21:30  Siege Tank  
  164  21:39  Siege Tank  
  167  21:53  Refinery  
  167  22:02  Siege Tank  
  167  22:08  Missile Turret  
  170  22:11  Siege Tank  
  173  22:23  Marine  
  173  22:24  Marine x7  
  138  22:40  Ghost x2  
  138  22:43  Siege Tank  
  133  22:46  Orbital Command  
  126  22:52  Marine  
  105  23:15  Siege Tank  
  105  23:17  Marauder, Marine  
  105  23:18  Marine x8  
  100  23:21  Marine  
  99  23:39  Marauder  
  101  23:47  Siege Tank  
  102  24:00  Marauder  
  104  24:04  Orbital Command  
  103  24:15  Orbital Command  
  91  24:18  Orbital Command  
  91  24:21  Ghost  
  92  24:25  Orbital Command  
Tags
 
Add a new tag
Caveats
  • Supply blocks, unpowered buildings, or Contaminate may cause inaccurate times.
  • Supply counts are checked every 10 seconds.